 Dungeon Crawl Stone Soup version 0.26-a0-774-g1415c89e12 (webtiles) character file.

Game seed: 9636818548720718854

27 Gargoyl the Skirmisher (level 3, -5/35 HPs)
             Began as a Gnoll Abyssal Knight on Nov 9, 2020.
             Was a Follower of Lugonu.
             Slain by a sixfirhy (9 damage)
             ... on level 2 of the Abyss.
             The game lasted 00:00:45 (185 turns).

Gargoyl the Skirmisher (Gnoll Abyssal Knight)        Turns: 185, Time: 00:00:46

Health: -5/35      AC:  6    Str: 15    XL:     3   Next: 10%
Magic:  6/6        EV: 11    Int: 14    God:    Lugonu [*.....]
Gold:   14         SH:  0    Dex: 14    Spells: 3/3 levels left

rFire    . . .     SeeInvis .   e - +3 trident
rCold    . . .     Faith    .   (no shield)
rNeg     . . .     Spirit   .   c - +0 ring mail
rPois    .         Reflect  .   (no helmet)
rElec    .         Harm     .   (no cloak)
rCorr    .         Rampage  .   (no gloves)
MR       .....                  (no boots)
Stlth    +.........             (no amulet)
HPRegen  0.11/turn              (no ring)
MPRegen  0.10/turn              (no ring)

@: no status effects
A: distributed training, fangs 1, strong nose
a: Depart the Abyss, Renounce Religion


You were on level 2 of the Abyss.
You worshipped Lugonu.
Lugonu was aware of your devotion.
You visited 0 branches of the dungeon, and saw 0 of its levels.
You visited the Abyss 1 time.

You collected 14 gold pieces.

Inventory:

Hand Weapons
 a - a +1 hand axe
 e - a +3 trident (weapon)
Missiles
 d - 8 silver boomerangs (quivered)
Armour
 b - a +0 leather armour
 c - a +0 ring mail (worn)


   Skills:
 + Level 6.5 Fighting
 + Level 0.6 Short Blades
 + Level 0.6 Long Blades
 + Level 4.5 Axes
 + Level 0.6 Maces & Flails
 + Level 0.6 Polearms
 + Level 0.6 Staves
 + Level 0.6 Slings
 + Level 0.6 Bows
 + Level 0.6 Crossbows
 + Level 0.6 Throwing
 + Level 4.5 Armour
 + Level 2.5 Dodging
 + Level 0.6 Stealth
 + Level 0.6 Shields
 + Level 0.6 Unarmed Combat
 + Level 0.6 Spellcasting
 + Level 0.4 Conjurations
 + Level 0.4 Hexes
 + Level 0.4 Summonings
 + Level 0.4 Necromancy
 + Level 0.4 Translocations
 + Level 0.4 Transmutations
 + Level 0.4 Fire Magic
 + Level 0.4 Ice Magic
 + Level 0.4 Air Magic
 + Level 0.4 Earth Magic
 + Level 0.4 Poison Magic
 + Level 4.5 Invocations
 + Level 0.6 Evocations


You had 3 spell levels left.
You didn't know any spells.
Your spell library was empty.

Dungeon Overview and Level Annotations

Branches:
Dungeon (0/15)

Altars:


Innate Abilities, Weirdness & Mutations

Your experience applies equally to all skills.
You have very sharp teeth.
Your uncanny sense of smell can sniff out nearby items.


Message History

Aim: a sixfirhy (wandering, hasn't noticed you)
You throw a silver boomerang.
The silver boomerang completely misses the sixfirhy.
Throwing (i - inventory)
d - 8 silver boomerangs (quivered)
Press: ? - help, Shift-Dir - straight line, f/p - sixfirhy
Aim: a sixfirhy You throw a silver boomerang.
The silver boomerang closely misses the sixfirhy.
Throwing (i - inventory)
d - 8 silver boomerangs (quivered)
Press: ? - help, Shift-Dir - straight line, f/p - sixfirhy
Aim: a sixfirhy You throw a silver boomerang.
The silver boomerang completely misses the sixfirhy.
The sixfirhy hits you but does no damage.
The sixfirhy hits you. The sixfirhy shocks you!
* * * LOW HITPOINT WARNING * * *
The sixfirhy hits you.
* * * LOW HITPOINT WARNING * * *
The sixfirhy shocks you!
You die...

. .. # #... .#....##.
. ## . ...#. ..#
#...#..... #.##
....## #.....# ...
#... ..#.##.#. .. # .
###..#......#.......#
. #.....#..#...##. #
.... #.......#......
# ....
#@3........#....
##.#..#.#. #.. # .
.#...##. #.#.. . ...
...#... .... # .. .
###.....# ... . #.
#.......... . . #
...##.#.. .. # #....
.. ... #.# #...# .#
####


You could see a sixfirhy.

Vanquished Creatures
  An iron imp (Abyss:2)
1 creature vanquished.

Notes
Turn   | Place    | Note
-------+----------+-------------------------------------------
     0 | Abyss:1  | Gargoyl the Gnoll Abyssal Knight began the quest for the
                  | Orb.
     0 | Abyss:1  | Reached XP level 1. HP: 23/23 MP: 3/3
    96 | Abyss:1  | Found a corrupted altar of Lugonu.
   101 | Abyss:1  | Noticed a small abomination
   159 | Abyss:2  | Noticed an iron imp
   169 | Abyss:2  | Killed an iron imp
   169 | Abyss:2  | Reached XP level 2. HP: 15/29 MP: 5/5
   169 | Abyss:2  | Reached XP level 3. HP: 18/35 MP: 6/6
   175 | Abyss:2  | Noticed a sixfirhy
   185 | Abyss:2  | Slain by a sixfirhy

Illustrated notes

Levels and vault maps discovered:
Abyss:2:  base:
Temple

Action                   || total
-------------------------++-------
Melee: Trident           ||     5
       Bite              ||     2
Throw: Boomerang         ||     8
  Use: Scroll            ||     1
Armor: Ring mail         ||     2
Dodge: Dodged            ||     1

Table legend: (Time is in decaauts)
 A = Elapsed time spent in this place.
 B = Non-inter-level travel time spent in this place.
 C = Inter-level travel time spent in this place.
 D = Time resting spent in this place.
 E = Time spent auto-exploring this place.
 F = Levels seen in this place.
 G = Mean time per level.
                   A        B        C        D        E       F      G
               +--------+--------+--------+--------+--------+-----+--------+
         Total |    187 |    187 |      0 |      0 |    106 |   2 |   93.5 |
         Abyss |    187 |    187 |      0 |      0 |    106 |   2 |   93.5 |
               +--------+--------+--------+--------+--------+-----+--------+

Top non-repeatable levels by time:
 Abyss:1: 134 daAuts
 Abyss:2: 53 daAuts
